 Dungeon Crawl Stone Soup version 0.20.1-1-g8b1a95d (webtiles) character file.

59238 dohliylev the Bewitcher (level 14, 0/95 HPs)
             Began as a Vampire Enchanter on July 12, 2017.
             Was the Champion of Nemelex Xobeh.
             Slain by a hellwing (8 damage)
             ... summoned by an orc high priest
             ... on level 2 of the Orcish Mines on July 13, 2017.
             The game lasted 02:45:33 (23981 turns).

dohliylev the Bewitcher (Vampire Enchanter)        Turns: 23981, Time: 02:45:33

Health: 0/95       AC:  7    Str:  1 (3)  XL:     14   Next: 52%
Magic:  0/29       EV: 18    Int: 22 (25) God:    Nemelex Xobeh [******]
Gold:   1467       SH:  5    Dex: 10 (13) Spells: 4/35 levels left

rFire    + . .     SeeInvis +   a - +4 dagger
rCold    + + .     Gourm    .   i - +0 buckler
rNeg     + + .     Faith    .   M - +2 robe {rC+}
rPois    .         Spirit   +   (no helmet)
rElec    .         Reflect  .   W - scarf {cloud immunity}
rCorr    .         Harm     .   Z - +1 pair of gloves of Charity {rC+ MR+ Str-4}
MR       ++...                  f - +0 pair of boots
Stlth    +++++.....             R - amulet of guardian spirit
Regen    0.3/turn               o - ring "Hokhysm" {rF+ rN+ Int+3}
MPRegen  0.3/turn               b - +3 ring of slaying

@: studying Short Blades
A: fangs 3, see invisible, clumsy 1, unbreathing
a: Bat Form, Triple Draw, Deal Four, Stack Five, Renounce Religion


You were on level 2 of the Orcish Mines.
You worshipped Nemelex Xobeh.
Nemelex Xobeh was exalted by your worship.
You were not thirsty.

You visited 3 branches of the dungeon, and saw 20 of its levels.
You also visited: Sewer and Volcano.

You collected 1467 gold pieces.

Inventory:

Hand Weapons
 a - a +4 dagger (weapon)
Armour
 f - a +0 pair of boots (worn)
 i - a +0 buckler (worn)
 M - a +2 robe of cold resistance (worn)
 W - a scarf of cloud immunity (worn)
 Z - the +1 pair of gloves of Charity (worn) {rC+ MR+ Str-4}
   (You found it on level 1 of the Lair of Beasts)

   It affects your strength (-4).
   It protects you from cold.
   It affects your resistance to hostile enchantments.
Jewellery
 b - a +3 ring of slaying (right hand)
 o - the ring "Hokhysm" (left hand) {rF+ rN+ Int+3}
   (You found it on level 6 of the Lair of Beasts)

   [ring of intelligence]

   It affects your intelligence (+3).
   It protects you from fire.
   It protects you from negative energy.
 x - an uncursed ring of protection from magic
 B - an uncursed ring of protection from cold
 R - an amulet of guardian spirit (around neck)
Scrolls
 g - a scroll of amnesia
 j - a scroll of immolation
 k - 5 scrolls of remove curse
 l - 3 scrolls of blinking
 m - 4 scrolls of magic mapping
 p - 2 scrolls of summoning
 s - 5 scrolls of fog
 A - 2 scrolls of recharging
 G - a scroll of fear {unknown}
 J - 2 scrolls of enchant weapon
 N - 3 scrolls of torment
 O - a scroll of enchant armour {unknown}
 U - a scroll of silence {unknown}
Potions
 d - 17 potions of blood
 n - 2 potions of mutation {unknown}
 q - 6 potions of haste
 r - 2 potions of agility {unknown}
 t - 4 potions of flight {unknown}
 u - 4 potions of heal wounds {unknown}
 v - 2 potions of berserk rage {unknown}
 w - 3 potions of degeneration
 C - 3 potions of curing {unknown}
 F - 3 potions of resistance {unknown}
 H - 2 potions of brilliance {unknown}
 I - 2 potions of lignification {unknown}
 K - a potion of ambrosia {unknown}
 V - 2 potions of invisibility {unknown}
Books
 S - a manual of Short Blades
Miscellaneous
 c - an ornate deck of escape
 e - a legendary deck of destruction
 h - an ornate deck of summoning
 y - a legendary deck of summoning
 z - an ornate deck of destruction
 D - a legendary deck of escape
 E - an ornate deck of summoning
 L - an ornate deck of escape {drawn: 3}
 P - a legendary deck of destruction
 Q - a legendary deck of summoning {drawn: 2}
 T - a plain deck of destruction {drawn: 4}


   Skills:
 + Level 4.3 Fighting
 + Level 9.7 Short Blades
 - Level 1.0 Armour
 + Level 12.2 Dodging
 + Level 12.4 Stealth
 - Level 5.2 Shields
 + Level 11.2 Spellcasting
 * Level 0.3 Conjurations
 + Level 15.9 Hexes
 * Level 0.2 Necromancy
 + Level 9.6 Ice Magic
 * Level 0.6 Poison Magic
 * Level 1.4 Invocations
   Level 0.3 Evocations


You had 4 spell levels left.
You knew the following spells:

 Your Spells              Type           Power        Failure   Level  Hunger
a - Control Undead        Necr           ##........   43%         4    #......
b - Ensorcelled Hibernat  Hex/Ice        ######       1%          2    None
c - Confuse               Hex            ######..     1%          3    None
d - Cause Fear            Hex            ######....   1%          4    #......
e - Silence               Hex/Air        #####.....   5%          5    ####...
f - Yara's Violent Unrav  Hex/Tmut       #####.....   5%          5    ####...
g - Vampiric Draining     Necr           ##........   14%         3    None
h - Mephitic Cloud        Conj/Pois/Air  ##......     14%         3    None
i - Blink                 Tloc           N/A          9%          2    None


Dungeon Overview and Level Annotations

Branches:
Dungeon (12/15)            Temple (0/1) D:6            Lair (6/6) D:10
 Shoals (0/4) Lair:4        Snake (0/4) Lair:2        Slime (0/5) Lair:5
    Orc (2/2) D:10
    Elf: Orc:2

Altars:
Cheibriados
Nemelex Xobeh
Sif Muna
Uskayaw
Yredelemnul

Shops:
D:5 }   D:7 %   D:8 *   Orc:2 ?

Portals:
Trove: D:12 (give 2 scrolls of acquirement)


Innate Abilities, Weirdness & Mutations

You have razor-sharp teeth.
You have supernaturally acute eyesight. (SInv)
You can survive without breathing.
You are clumsy. (Dex -2)


Message History

The orc high priest closely misses Badwavahadd.
Send 'em back where they came from!
The hellwing shudders.
Badwavahadd hits the orc warrior but does no damage.
Casting: Ensorcelled Hibernation
Confirm with . or Enter, or press ? or * to list all spells.
Aiming: Ensorcelled Hibernation
Press: ? - help, Shift-Dir - straight line, f - hellwing, p - orc warrior
Aim: a hellwing (summoned, chance to defeat MR: 37%)
The hellwing easily resists.
The orc sorcerer hits the orc high priest with a dagger.
You block the hellwing's attack. The hellwing hits you.
* * * LOW HITPOINT WARNING * * *
Badwavahadd hits the orc warrior!!
The orc warrior dies!
Your shadow demon hits the orc high priest!
The orc high priest hits Badwavahadd with a scimitar.
The orc sorcerer hits the orc high priest with a dagger.
The hellwing hits you!
You die...
Your body glows with a rainbow of weird colours and disappears.

.# ### .# ## ##(## .# ##∩.
##.##. #...# .#
##...##.....## #
###(..###.# #..##.........
###....#.#..#
#.............
.#......).#.#
#..#..........
#......#.).####.@##........
##.......)#.##..4.##.......
.#..........##.#..&o..#.#
.........#..##)##(2oo.#.#
............##..###...#.#
.........##.###..######.#
....<.).#####
##...####.####...
......)...##
###....)(.....#
....#......# ######.######


You could see an orc high priest, a hellwing, an orc sorcerer (confused), an orc
wizard, the friendly Badwavahadd and a friendly shadow demon.

Vanquished Creatures
  Erolcha (D:12)
  8 hydras
  2 orc high priests (Orc:2)
  A sea snake (Lair:6)
  A lindwurm (Volcano)
  3 orc knights (Orc:2)
  An oklob plant (Lair:4)
  A harpy (D:12)
  2 ugly things (D:11)
  An orc sorcerer (Orc:2)
  4 cyclopes
  2 black mambas
  16 elephants
  A torpor snail (Lair:6)
  2 molten gargoyles (Volcano)
  3 centaur skeletons (D:10)
  A gargoyle (D:11)
  13 spiny frogs
  4 rime drakes (Lair:6)
  8 komodo dragons
  3 trolls
  3 polar bears (Lair:6)
  4 hornets
  A wind drake (Lair:6)
  A snapping turtle (Lair:4)
  22 blink frogs
  4 slime creatures (D:12)
  5 hippogriffs
  2 dream sheep (Lair:6)
  A spriggan (Lair:3)
  3 wyverns
  20 yaks
  A basilisk (Lair:4)
  9 fire bats
  A steam dragon (Volcano)
  Menkaure (D:7)
  A hell hound (Volcano)
  2 wargs (Orc:2)
  4 nagas (Lair:2)
  14 water moccasins
  10 porcupines
  A black bear (D:9)
  4 sky beasts
  10 orc warriors
  A swamp drake (Lair:5)
  4 ice beasts
  3 phantoms
  3 centaurs
  20 wolves
  9 ogres
  8 crocodiles
  2 big kobolds
  20 bullfrogs
  Blork the orc (D:6)
  A gnoll sergeant (D:7)
  4 scorpions
  A killer bee (D:9)
  An electric eel (Lair:4)
  7 wights
  A howler monkey (D:5)
  6 lava snakes (Volcano)
  2 centaur zombies
  2 bullfrog zombies
  4 crimson imps
  3 bullfrog skeletons
  10 orc priests
  6 hounds
  4 jellies
  18 orc wizards
  2 iguanas
  9 worker ants
  A hound zombie (D:9)
  A worker ant zombie (D:8)
  12 adders
  7 gnolls
  3 river rats (D:5)
  16 oozes
  7 worms
  An adder skeleton (D:8)
  A dart slug (D:2)
  15 leopard geckos
  42 orcs
  6 ball pythons
  11 giant cockroaches
  3 goblins
  10 hobgoblins
  10 jackals
  2 quokkas
  8 bats
  10 frilled lizards
  16 kobolds
  2 leopard gecko skeletons
  A leopard gecko zombie (D:7)
  A quokka skeleton (D:4)
  8 rats
  2 plants
550 creatures vanquished.

Vanquished Creatures (collateral kills)
  A dire elephant (Lair:3)
  A fire dragon (Volcano)
  A merfolk avatar (Lair:6)
  An anaconda (Orc:2)
  An orc knight (Orc:2)
  An orc sorcerer (Orc:2)
  2 oklob plants (Lair:1)
  5 elephants (Lair:3)
  A troll (Orc:2)
  6 blink frogs
  8 yaks
  A fire bat (Volcano)
  A basilisk (Lair:1)
  A naga (Lair:2)
  3 orc warriors
  A porcupine (Lair:3)
  3 ogres
  5 wolves (Lair:2)
  3 bullfrogs
  2 killer bees (D:9)
  A hound (D:9)
  A jelly (D:10)
  2 orc priests (Orc:2)
  2 orc wizards
  A centaur skeleton (D:8)
  A killer bee zombie (D:8)
  A shadow imp (D:8)
  10 orcs
  2 fungi
69 creatures vanquished.

Vanquished Creatures (others)
  20 fungi
  5 plants
25 creatures vanquished.

Grand Total: 644 creatures vanquished

Notes
Turn   | Place    | Note
-------+----------+-------------------------------------------
     0 | D:1      | dohliylev the Vampire Enchanter began the quest for the Orb.
     0 | D:1      | Reached XP level 1. HP: 13/13 MP: 3/3
   254 | D:1      | Reached skill level 5 in Stealth
   424 | D:1      | Reached XP level 2. HP: 19/19 MP: 5/5
   437 | D:1      | Learned a level 2 spell: Ensorcelled Hibernation
  1110 | D:2      | Reached XP level 3. HP: 15/24 MP: 1/6
  1779 | D:3      | Learned a level 3 spell: Confuse
  1856 | D:3      | Reached XP level 4. HP: 30/30 MP: 7/7
  1891 | D:3      | Found a basalt altar of Yredelemnul.
  2268 | D:3      | Found a faded altar of an unknown god.
  2467 | D:4      | Reached XP level 5. HP: 35/35 MP: 2/8
  2800 | D:4      | Noticed an ice beast
  3375 | D:4      | Noticed a centaur
  3391 | D:4      | Killed a centaur
  3391 | D:4      | Reached XP level 6. HP: 38/41 MP: 6/9
  3586 | D:4      | Found a sparkling altar of Nemelex Xobeh.
  3589 | D:4      | Found a snail-covered altar of Cheibriados.
  3594 | D:4      | Became a worshipper of Nemelex Xobeh the Trickster
  3598 | D:4      | Received a gift from Nemelex Xobeh
  3758 | D:4      | Reached skill level 5 in Short Blades
  3847 | D:4      | Killed an ice beast
  3952 | D:4      | HP: 1/41 [gnoll/flail (7)]
  4404 | D:4      | Reached skill level 5 in Hexes
  4404 | D:4      | Reached XP level 7. HP: 46/46 MP: 10/10
  4844 | D:5      | Entered Level 5 of the Dungeon
  4845 | D:5      | Reached skill level 1 in Ice Magic
  5178 | D:5      | Reached skill level 1 in Fighting
  5199 | D:5      | Found a glowing drain.
  5226 | Sewer    | Entered a sewer
  6025 | D:5      | Found Utyupum's Gadget Boutique.
  6044 | D:5      | Reached XP level 8. HP: 53/54 MP: 3/12
  6371 | D:5      | Reached skill level 10 in Stealth
  6502 | D:5      | Reached skill level 6 in Hexes
  6903 | D:6      | Found a staircase to the Ecumenical Temple.
  6958 | D:6      | Noticed Blork the orc
  6964 | D:6      | Killed Blork the orc
  6974 | D:6      | Got a spiked leather armour
  7252 | D:6      | Reached XP level 9. HP: 55/59 MP: 6/14
  7288 | D:6      | Reached * piety under Nemelex Xobeh
  7546 | D:6      | Reached skill level 7 in Hexes
  7583 | D:7      | Noticed Menkaure
  7593 | D:7      | Killed Menkaure
  7653 | D:7      | Reached skill level 5 in Dodging
  7836 | D:7      | Found a deep blue altar of Sif Muna.
  7840 | D:7      | Received a gift from Nemelex Xobeh
  8014 | D:7      | Found Pisipy's Food Shoppe.
  8565 | D:8      | Reached ** piety under Nemelex Xobeh
  8688 | D:8      | Found Idim's General Store.
  9205 | D:9      | Reached skill level 8 in Hexes
  9342 | D:9      | Received a gift from Nemelex Xobeh
  9354 | D:9      | Reached skill level 5 in Spellcasting
  9360 | D:9      | Reached XP level 10. HP: 52/67 MP: 4/17
  9577 | D:9      | Found a hide-covered altar of Uskayaw.
  9680 | D:9      | Learned a level 4 spell: Cause Fear
  9686 | D:9      | Learned a level 5 spell: Silence
  9818 | D:10     | Entered Level 10 of the Dungeon
  9887 | D:10     | Reached skill level 9 in Hexes
 10096 | D:10     | Found a staircase to the Lair.
 10133 | D:10     | Received a gift from Nemelex Xobeh
 10136 | D:10     | Found a staircase to the Orcish Mines.
 10233 | D:10     | Found a sparkling altar of Nemelex Xobeh.
 10276 | D:10     | Learned a level 5 spell: Yara's Violent Unravelling
 10428 | D:10     | Reached *** piety under Nemelex Xobeh
 10580 | D:11     | Identified the +3 leather armour of Ru's Pride {rC+ Dex+4} (You found it on level 6 of the Dungeon)
 10690 | D:11     | Noticed a cyan ugly thing
 10699 | D:11     | Killed a cyan ugly thing
 10701 | D:11     | Noticed a gargoyle
 10786 | D:11     | Killed a gargoyle
 10786 | D:11     | Reached skill level 10 in Hexes
 10813 | D:11     | Noticed a cyclops
 10876 | D:11     | Received a gift from Nemelex Xobeh
 10885 | D:11     | Killed a cyclops
 10955 | D:11     | Reached XP level 11. HP: 74/74 MP: 17/20
 11302 | D:11     | Reached skill level 5 in Ice Magic
 11353 | D:11     | Noticed a red ugly thing
 11361 | D:11     | Killed a red ugly thing
 11396 | D:12     | Noticed Erolcha
 11400 | D:12     | Killed Erolcha
 11543 | D:12     | Received a gift from Nemelex Xobeh
 11665 | D:12     | Noticed a harpy
 11680 | D:12     | Killed a harpy
 11680 | D:12     | Reached skill level 11 in Hexes
 11719 | D:12     | Reached **** piety under Nemelex Xobeh
 12207 | D:12     | Received a gift from Nemelex Xobeh
 12359 | D:12     | Found a portal to a secret trove of treasure.
 12464 | Lair:1   | Entered Level 1 of the Lair of Beasts
 12468 | Lair:1   | Noticed an eight-headed hydra
 12486 | Lair:1   | Killed an eight-headed hydra
 12486 | Lair:1   | Reached skill level 1 in Armour
 12666 | Lair:1   | Reached skill level 1 in Shields
 12899 | Lair:1   | Received a gift from Nemelex Xobeh
 13026 | Lair:1   | Noticed a seven-headed hydra
 13035 | Lair:1   | Killed a seven-headed hydra
 13035 | Lair:1   | Reached skill level 12 in Hexes
 13189 | Lair:1   | Reached XP level 12. HP: 78/81 MP: 19/24
 13705 | Lair:1   | Got a pair of faintly humming gloves
 13722 | Lair:1   | Identified the +1 pair of gloves of Charity {rC+ MR+ Str-4} (You found it on level 1 of the Lair of Beasts)
 13731 | Lair:1   | Reached ***** piety under Nemelex Xobeh
 13894 | Lair:2   | Received a gift from Nemelex Xobeh
 14386 | Lair:2   | Found a staircase to the Snake Pit.
 14547 | Lair:2   | Received a gift from Nemelex Xobeh
 14759 | Lair:2   | Reached skill level 13 in Hexes
 15028 | Lair:2   | Reached skill level 10 in Dodging
 15058 | Lair:3   | Received a gift from Nemelex Xobeh
 15155 | Lair:3   | Found a dark tunnel.
 15169 | Volcano  | Entered a volcano
 15373 | Volcano  | Received a gift from Nemelex Xobeh
 15520 | Volcano  | Found a radiant altar of Vehumet.
 15989 | Volcano  | Noticed a fire dragon
 15999 | Volcano  | Killed a fire dragon
 16522 | Lair:3   | Reached skill level 14 in Hexes
 16527 | Lair:3   | Reached XP level 13. HP: 88/88 MP: 18/26
 16622 | Lair:3   | Reached ****** piety under Nemelex Xobeh
 16622 | Lair:3   | Received a gift from Nemelex Xobeh
 16920 | Lair:3   | Noticed a dire elephant
 16948 | Lair:3   | Reached skill level 10 in Spellcasting
 16961 | Lair:3   | Reached skill level 1 in Invocations
 17116 | Lair:3   | Killed a dire elephant
 17655 | Lair:4   | Received a gift from Nemelex Xobeh
 17807 | Lair:4   | You fall through a shaft!
 18221 | Lair:5   | Received a gift from Nemelex Xobeh
 18731 | Lair:5   | Received a gift from Nemelex Xobeh
 18865 | Lair:5   | Found a hide-covered altar of Uskayaw.
 19125 | Lair:5   | Found a staircase to the Slime Pits.
 19237 | Lair:5   | Reached skill level 15 in Hexes
 19265 | Lair:5   | Learned a level 4 spell: Control Undead
 19269 | Lair:5   | Learned a level 3 spell: Vampiric Draining
 19405 | Lair:6   | Entered Level 6 of the Lair of Beasts
 20242 | Lair:6   | Received a gift from Nemelex Xobeh
 20302 | Lair:6   | Reached XP level 14. HP: 78/95 MP: 4/28
 20655 | Lair:6   | Got a brightly glowing glass ring
 21128 | Lair:6   | Received a gift from Nemelex Xobeh
 21345 | Lair:6   | Identified the ring "Hokhysm" {rF+ rN+ Int+3} (You found it on level 6 of the Lair of Beasts)
 21484 | Lair:6   | Learned a level 3 spell: Mephitic Cloud
 21840 | Lair:4   | Learned a level 2 spell: Blink
 21997 | Lair:4   | Identified a scroll of acquirement
 22149 | Lair:4   | Found a staircase to the Shoals.
 22585 | Orc:1    | Entered Level 1 of the Orcish Mines
 22632 | Orc:1    | Received a gift from Nemelex Xobeh
 22753 | Orc:2    | Entered Level 2 of the Orcish Mines
 23064 | Orc:2    | Received a gift from Nemelex Xobeh
 23542 | Orc:2    | Reached skill level 5 in Shields
 23551 | Orc:2    | Gained mutation: You are clumsy. (Dex -2) [you]
 23955 | Orc:2    | Found Wulutedo's Magic Scroll Shoppe.
 23981 | Orc:2    | Slain by a hellwing

Skill      XL: |  1  2  3  4  5  6  7  8  9 10 11 12 13 14 |
---------------+-------------------------------------------+-----
Stealth        | 5 6 7 8 9 11 12 | 12.4
Short Blades   | 2 3 5 6 7 8 9 |  9.7
Hexes          | 5 6 8 10 12 14 15 | 15.9
Ice Magic      | 1 2 3 4 6 7 9 |  9.6
Dodging        | 3 4 5 7 9 10 11 12 | 12.2
Fighting       | 1 2 3 4 |  4.3
Spellcasting   | 3 5 6 8 9 10 11 | 11.2
Armour         | 1 |  1.0
Shields        | 1 5 |  5.2
Invocations    | 1 |  1.4
Conjurations   | |  0.3
Necromancy     | |  0.2
Poison Magic   | |  0.6
Evocations     | |  0.3

Action                   |  1- 3 |  4- 6 |  7- 9 | 10-12 | 13-15 || total
-------------------------+-------+-------+-------+-------+-------++-------
Melee: Dagger            |    90 |   207 |   521 |   347 |   362 ||  1527
       Bite              |     4 |    15 |    28 |    30 |    25 ||   102
       Unarmed           |       |     1 |       |       |     3 ||     4
 Cast: Corona            |     4 |     5 |     3 |     1 |       ||    13
       Ensorcelled Hiber |    25 |    60 |   150 |   166 |   256 ||   657
       Confuse           |       |     7 |    35 |    43 |    39 ||   124
       Cause Fear        |       |       |       |       |     3 ||     3
       Silence           |       |       |       |       |     1 ||     1
       Yara's Violent Un |       |       |       |       |     1 ||     1
 Abil: End Transformatio |       |     3 |     1 |     1 |     4 ||     9
       Bat Form          |       |     3 |     1 |     1 |     4 ||     9
       Evoke Flight      |       |     1 |       |       |       ||     1
Evoke: Deck              |       |       |     3 |    12 |    27 ||    42
  Use: Potion            |       |     8 |    12 |     6 |    13 ||    39
       Scroll            |       |       |     9 |     9 |     9 ||    27
 Stab: Sleeping          |    23 |    31 |    99 |   134 |   132 ||   419
       Confused          |       |     1 |    19 |    29 |    16 ||    65
       Distracted        |       |       |       |     2 |     4 ||     6
       Petrified         |       |       |       |     1 |       ||     1
       Fleeing           |       |       |       |       |     1 ||     1
  Eat: Corpse            |    10 |     6 |    12 |     7 |     3 ||    38
Armor: Robe              |    30 |    28 |    85 |    25 |    47 ||   215
       Leather armour    |       |       |       |     6 |       ||     6
Dodge: Dodged            |    54 |   108 |   249 |   132 |   238 ||   781
Block: Buckler           |     5 |    14 |    73 |    33 |    37 ||   162
